 Dungeon Crawl Stone Soup version 0.24-a0-203-gf0bc1e9 (webtiles) character file.

Game seed: 7692756858463811419

6462 Snowden the Thaumaturge (level 11, -4/83 HPs)
             Began as a Formicid Venom Mage on Mar 27, 2019.
             Was an Elder of Cheibriados.
             Slain by a white ugly thing (15 damage)
             ... on level 10 of the Dungeon.
             The game lasted 00:43:56 (10674 turns).

Snowden the Thaumaturge (Formicid Venom Mage)      Turns: 10674, Time: 00:43:56

Health: -4/83      AC:  3    Str: 28    XL:     11   Next: 19%
Magic:  29/33      EV: 12    Int: 27    God:    Cheibriados [****..]
Gold:   956        SH:  0    Dex: 28    Spells: 19/28 levels left

rFire    . . .     SeeInvis +   G - +6 halberd of Ciqofaid {chop, Dex+3}
rCold    . . .     Gourm    .   (no shield)
rNeg     . . .     Faith    .   i - +3 robe "Horamexe" {+Blink Str+4}
rPois    +         Spirit   .   (helmet unavailable)
rElec    +         Reflect  .   r - +0 cloak
rCorr    .         Harm     .   (no gloves)
MR       +....                  a - +0 pair of boots "Ygi Fonn" {*Corrode rElec Dex+4} (curse)
Stlth    +++.......             g - amulet of magic regeneration
HPRegen  0.23/turn              C - ring of poison resistance
MPRegen  0.48/turn              U - ring of magical power

@: corroded, heavily drained, invisible, very slow
A: permanent stasis, dig shafts and tunnels, four strong arms, antennae 3
a: Dig, Shaft Self, Bend Time, Temporal Distortion, Slouch, Renounce Religion


You were on level 10 of the Dungeon.
You worshipped Cheibriados.
Cheibriados was greatly pleased with you.
You were not hungry.

You visited 1 branch of the dungeon, and saw 10 of its levels.
You also visited: Ossuary.

You collected 956 gold pieces.

Inventory:

Hand Weapons
 G - the +6 halberd of Ciqofaid (weapon) {chop, Dex+3}
   (You took it off a big kobold on level 9 of the Dungeon)

   It inflicts extra damage upon your enemies.
   It affects your dexterity (+3).
 Y - the +5 mace "Difaull" {crush, MP+9}
   (You found it on level 9 of the Dungeon)

   It inflicts extra damage upon your enemies.
   It affects your magic capacity (+9).
Missiles
 k - 13 tomahawks (quivered)
 D - 173 arrows
 V - 8 tomahawks of dispersal
Armour
 a - the cursed +0 pair of boots "Ygi Fonn" (worn) {*Corrode rElec Dex+4}
   (You found it on level 7 of the Dungeon)

   It affects your dexterity (+4).
   It insulates you from electricity.
   It may corrode you when you take damage.
   It has a curse placed upon it.
 i - the +3 robe "Horamexe" (worn) {+Blink Str+4}
   (You found it on level 4 of the Dungeon)

   It affects your strength (+4).
   It lets you blink.
 o - a +0 pair of boots
 q - a +1 robe of resistance
 r - a +0 cloak (worn)
 z - a +0 robe of magic resistance
 J - a +1 chain mail of cold resistance
Jewellery
 g - an amulet of magic regeneration (around neck)
 C - a ring of poison resistance (left hand)
 E - an uncursed ring of positive energy
 L - an uncursed ring of flight
 U - a ring of magical power (right hand)
Wands
 f - a wand of enslavement (11)
 O - a wand of paralysis (19)
 Z - a wand of clouds (3)
Scrolls
 e - a scroll of magic mapping {unknown}
 j - 12 scrolls of remove curse
 l - 4 scrolls of enchant weapon {unknown}
 m - 2 scrolls of amnesia {unknown}
 n - a scroll of silence {unknown}
 p - 4 scrolls of enchant armour {unknown}
 u - 8 scrolls of fog
 v - 2 scrolls of blinking {unknown}
 A - 3 scrolls of immolation {unknown}
 B - 4 scrolls of noise {unknown}
 M - a scroll of random uselessness {unknown}
 N - a scroll of fear {unknown}
 W - a scroll of summoning {unknown}
Potions
 b - 2 potions of invisibility
 d - 2 potions of might
 h - 4 potions of curing
 s - 5 potions of flight
 t - 2 potions of ambrosia
 x - 3 potions of haste
 F - a potion of cancellation {unknown}
 H - a potion of heal wounds {unknown}
 P - a potion of brilliance {unknown}
 Q - a potion of mutation {unknown}
 R - a potion of lignification {unknown}
 S - 2 potions of resistance {unknown}
 T - a potion of magic {unknown}
Comestibles
 c - 23 rations


   Skills:
 * Level 6.6(5.2) Fighting
   Level 0.6(2.3) Axes
 - Level 0.6(0.0) Maces & Flails
 + Level 5.7(4.4) Polearms
 * Level 0.4(0.0) Armour
 - Level 1.9(0.7) Dodging
 - Level 2.4(1.1) Stealth
 * Level 9.4(7.9) Spellcasting
 + Level 1.0(0.0) Conjurations
 - Level 4.1(2.7) Transmutations
 - Level 3.0(1.7) Air Magic
 - Level 9.0(7.5) Poison Magic
 * Level 7.1(5.7) Invocations


You had 19 spell levels left.
You knew the following spells:

 Your Spells              Type           Power        Failure   Level  Hunger
a - Sting                 Conj/Pois      ####         1%          1    None
b - Poisonous Vapours     Pois/Air       #####.       1%          2    None
c - Olgreb's Toxic Radia  Pois           ######..     2%          4    ##.....
d - Sticks to Snakes      Tmut           ####....     2%          2    None

Your spell library contained the following spells:

 Spells                   Type           Power        Failure   Level  Hunger
 Beastly Appendage        Tmut           ####..       1%          1    None
 Spider Form              Tmut/Pois      #####.....   1%          3    None
 Mephitic Cloud           Conj/Pois/Air  ####....     4%          3    None
 Ice Form                 Ice/Tmut       ###.....     30%         4    ##.....
 Venom Bolt               Conj/Pois      ####......   30%         5    ####...
 Blade Hands              Tmut           ####......   43%         5    ####...


Dungeon Overview and Level Annotations

Branches:
Dungeon (10/15)            Temple (0/1) D:5            Lair (0/6) D:9
    Orc: D:9-12

Altars:
Cheibriados
Dithmenos
Elyvilon
Gozag
Kikubaaqudgha
Makhleb
Qazlal
Wu Jian
Yredelemnul
Zin

Annotations:
D:1 exclusion: downstairs
D:3 exclusion: downstairs
D:4 Natasha


Innate Abilities, Weirdness & Mutations

You cannot be hasted, slowed, berserked, paralysed or teleported.
You can dig through walls and to a lower floor.
Your four strong arms can wield two-handed weapons with a shield.
You have a pair of large antennae on your head. (SInv)


Message History

The ogre mage looks as sick as possible!
You kill the orc priest!
Cheibriados appreciates the change of pace.
The ogre mage hits you!
* * * LOW HITPOINT WARNING * * *
The deep elf mage closely misses you.
You closely miss the deep elf mage.
The deep elf mage is moderately wounded.
The white ugly thing looks even sicker.
Your toxic aura wanes.
The ogre mage casts a spell.
The ogre mage blinks!
The deep elf mage hits you with a +0 short sword.
* * * LOW HITPOINT WARNING * * *
You fade into invisibility!
The deep elf mage hits you but does no damage.
The white ugly thing claws you.
* * * LOW HITPOINT WARNING * * *
The white ugly thing freezes you!
You die...

...................#
..................)#
.......<......[....#
.......†...........#
...................#
...................#
###############'####
#.....# #@....#
......ueO...#
.#####o).......
..........
..####...... ..)
#..... ###. .... ..
...


You could see a white ugly thing, an ogre mage, a deep elf mage and an orc
warrior.

Vanquished Creatures
  An elephant (D:9)
  3 kobold demonologists (D:9)
  Prince Ribbit (D:8)
  A hippogriff (D:9)
  A spriggan (D:7)
  Sigmund (D:4)
  A basilisk (D:9)
  A steam dragon (D:6)
  Edmund (D:5)
  5 orc warriors
  A sky beast (D:6)
  3 ogres
  2 crocodiles (D:9)
  A centaur (D:4)
  Blork the orc (D:4)
  12 big kobolds
  5 bullfrogs
  6 scorpions
  A howler monkey (D:9)
  2 crimson imps
  A jelly (D:10)
  A bullfrog zombie (D:6)
  3 hounds
  3 orc priests
  8 orc wizards
  2 bullfrog skeletons
  Terence (D:2)
  Jessica (D:2)
  An iguana (D:8)
  3 worker ants
  8 mummies (Ossuary)
  2 howler monkey skeletons (D:7)
  A gnoll (D:1)
  13 adders
  3 shadow imps
  3 oozes
  3 adder skeletons
  A worm (D:2)
  A dart slug (D:2)
  7 leopard geckos
  23 orcs
  2 giant cockroaches
  2 gnoll zombies (Ossuary)
  3 goblins
  3 hobgoblins
  10 jackals
  9 kobolds
  5 quokkas
  2 ball pythons
  3 bats
  6 frilled lizards
  A hobgoblin zombie (Ossuary)
  2 kobold zombies (Ossuary)
  A leopard gecko skeleton (D:4)
  3 orc zombies (Ossuary)
  6 rats
197 creatures vanquished.

Vanquished Creatures (collateral kills)
  The ghost of p0werm0de the Grappler, a novice TrWz of Kikubaaqudgha (D:9)
  2 hungry ghosts
  A water moccasin (D:8)
4 creatures vanquished.

Grand Total: 201 creatures vanquished

Notes
Turn   | Place    | Note
-------+----------+-------------------------------------------
     0 | D:1      | Snowden the Formicid Venom Mage began the quest for the
                  | Orb.
     0 | D:1      | Reached XP level 1. HP: 13/13 MP: 3/3
   330 | D:1      | Reached XP level 2. HP: 19/19 MP: 1/5
   385 | D:1      | Learned a level 2 spell: Poisonous Vapours
   759 | D:1      | Reached XP level 3. HP: 21/24 MP: 6/6
   806 | D:1      | Reached skill level 5 in Poison Magic
  1241 | D:2      | Noticed Terence
  1256 | D:2      | Killed Terence
  1256 | D:2      | Reached skill level 1 in Conjurations
  1256 | D:2      | Reached XP level 4. HP: 26/30 MP: 1/7
  1784 | D:2      | Reached skill level 1 in Air Magic
  2038 | D:2      | Reached XP level 5. HP: 27/36 MP: 2/9
  2325 | D:2      | Noticed Jessica
  2328 | D:2      | Killed Jessica
  2498 | D:2      | Learned a level 4 spell: Olgreb's Toxic Radiance
  2841 | D:3      | Reached skill level 1 in Fighting
  2893 | D:3      | Found a snail-covered altar of Cheibriados.
  3110 | D:3      | Reached XP level 6. HP: 41/43 MP: 10/10
  3201 | D:3      | Became a worshipper of Cheibriados the Contemplative
  3265 | D:4      | Noticed a phantom
  3339 | D:4      | Reached skill level 1 in Invocations
  3463 | D:4      | Reached XP level 7. HP: 26/49 MP: 1/12
  3695 | D:4      | Got an ichor-stained robe
  3708 | D:4      | Identified the +3 robe "Horamexe" {+Blink Str+4} (You found
                  | it on level 4 of the Dungeon)
  3732 | D:4      | Noticed Natasha
  3732 | D:4      | Noticed Blork the orc
  3833 | D:4      | Reached * piety under Cheibriados
  4157 | D:1      | Learned a level 2 spell: Sticks to Snakes
  4341 | D:4      | Noticed Sigmund
  4345 | D:4      | Killed Sigmund
  4510 | D:4      | Killed Blork the orc
  4510 | D:4      | Reached XP level 8. HP: 41/57 MP: 3/14
  4771 | D:5      | Entered Level 5 of the Dungeon
  4781 | D:5      | Noticed Edmund
  4794 | D:5      | Killed Edmund
  4893 | D:5      | Found an ancient bone altar of Kikubaaqudgha.
  4944 | D:5      | Found a staircase to the Ecumenical Temple.
  4976 | D:5      | Reached skill level 5 in Spellcasting
  5126 | D:5      | Got a brightly glowing trident
  5127 | D:5      | Identified the +8 trident of Eternal War {chaos, Str+2
                  | Dex+3} (You found it on level 5 of the Dungeon)
  5137 | D:5      | Found a stormy altar of Qazlal.
  5143 | D:5      | Found a glowing silver altar of Zin.
  5177 | D:5      | Found a burning altar of Makhleb.
  5452 | D:6      | Reached ** piety under Cheibriados
  5525 | D:6      | Reached skill level 1 in Transmutations
  5546 | D:6      | Found a sand-covered staircase.
  5591 | Ossuary  | Entered an ossuary
  5747 | Ossuary  | Reached skill level 1 in Polearms
  6706 | D:6      | Reached XP level 9. HP: 65/65 MP: 14/16
  7058 | D:7      | Found an opulent altar of Gozag.
  7163 | D:7      | Reached *** piety under Cheibriados
  7513 | D:7      | Found a basalt altar of Yredelemnul.
  7575 | D:7      | Reached skill level 5 in Invocations
  7867 | D:7      | Got a pair of faintly humming boots
  7878 | D:7      | Identified the cursed +0 pair of boots "Ygi Fonn" {*Corrode
                  | rElec Dex+4} (You found it on level 7 of the Dungeon)
  7946 | D:7      | Found an ornate altar of the Wu Jian Council.
  8007 | D:7      | Reached skill level 5 in Fighting
  8305 | D:8      | Noticed Prince Ribbit
  8315 | D:8      | Killed Prince Ribbit
  8431 | D:8      | Reached XP level 10. HP: 26/74 MP: 18/19
  8961 | D:8      | Found a white marble altar of Elyvilon.
  9328 | D:9      | Found a shadowy altar of Dithmenos.
  9448 | D:9      | Found a staircase to the Lair.
  9448 | D:9      | Noticed an elephant
  9460 | D:9      | Killed an elephant
  9618 | D:9      | Found a runed translucent gate.
  9618 | D:9      | Noticed a kobold demonologist
  9619 | D:9      | Found a runed translucent gate.
  9619 | D:9      | Found a runed translucent gate.
  9619 | D:9      | Noticed a kobold demonologist
  9619 | D:9      | Noticed p0werm0de's ghost (novice TrWz)
  9621 | D:9      | Noticed a kobold demonologist
  9622 | D:9      | Identified the +5 mace "Difaull" {crush, MP+9}
  9705 | D:9      | Reached skill level 5 in Polearms
  9825 | D:9      | Reached **** piety under Cheibriados
  9940 | D:9      | Identified the +6 halberd of Ciqofaid {chop, Dex+3}
 10459 | D:9      | Killed a kobold demonologist
 10460 | D:9      | Killed a kobold demonologist
 10463 | D:9      | Killed a kobold demonologist
 10463 | D:9      | Reached XP level 11. HP: 54/83 MP: 19/24
 10468 | D:9      | Killed p0werm0de's ghost
 10640 | D:10     | Entered Level 10 of the Dungeon
 10664 | D:10     | Noticed an ogre mage
 10667 | D:10     | Noticed a white ugly thing
 10667 | D:10     | Noticed a deep elf mage
 10674 | D:10     | Slain by a white ugly thing

Levels and vault maps discovered:
D:1:      minmay_arrival_three_doors, layout_basic
D:2:      layout_loops_ring, nicolae_overflow_hidden_temple, first_ration,
          st_stairs_11, kennysheep_jessica_study, uniq_terence
D:3:      layout_loops_ring, nicolae_overflow_crystal_walls
D:4:      layout_basic, minmay_bent, uniq_natasha, uniq_sigmund,
          uniq_blork_the_orc
D:5:      layout_rooms, old_standard_altar, minitemple,
          minmay_temple_entry_statues, uniq_edmund
D:6:      minmay_evil_eye, layout_layer_cave, chequers_ossuary_entry_cave
D:7:      minmay_the_grid_square_5x5_3x3
          [minmay_the_grid_square_5x5_spiral_small,
          minmay_the_grid_square_5x5_mess,
          minmay_the_grid_square_5x5_almost_minimal,
          minmay_the_grid_square_5x5_half_checkered,
          minmay_the_grid_square_5x5_megaprize_hollow,
          minmay_the_grid_square_5x5_bracketed,
          minmay_the_grid_square_5x5_one_wall,
          minmay_the_grid_square_5x5_n_small,
          minmay_the_grid_square_5x5_moneybag], layout_cave_pools,
          overflow_temple_1_default, grunt_gozag_breadcrumbs, kennysheep_mini,
          the_bakery, minmay_misc_feat_rugged, minmay_parallelograms
D:8:      layout_gridville, lemuel_round_altar, uniq_prince_ribbit1
D:9:      layout_layer_cave, nicolae_dithmenos_through_a_glass_darkly,
          david_lair_generic, gammafunk_ghost_nasty_kobolds
D:10:     layout_gridville, serial_shops, kennysheep_mini_moat, minmay_radiant
Ossuary:  ossuary_tomb_3

Skill      XL: |  1  2  3  4  5  6  7  8  9 10 11 |
---------------+----------------------------------+-----
Poison Magic   | 5 6 7 8 9 |  9.0
Conjurations   | 1 |  1.0
Air Magic      | 1 2 3 |  3.0
Spellcasting   | 3 4 5 6 9 |  9.4
Fighting       | 1 2 4 5 6 |  6.6
Invocations    | 1 2 4 5 6 7 |  7.1
Transmutations | 1 3 4 |  4.1
Polearms       | 2 4 5 |  5.7
Axes           | |  0.6
Maces & Flails | |  0.6
Armour         | |  0.4
Dodging        | |  1.9
Stealth        | |  2.4

Action                   |  1- 3 |  4- 6 |  7- 9 | 10-12 || total
-------------------------+-------+-------+-------+-------++-------
Melee: Unarmed           |     7 |       |       |       ||     7
       Club              |    36 |    43 |       |       ||    79
       Short sword       |       |    77 |    30 |       ||   107
       Trident           |       |       |   273 |    73 ||   346
       Morningstar       |       |       |     6 |       ||     6
       Battleaxe         |       |       |    19 |       ||    19
       Halberd           |       |       |       |    16 ||    16
 Cast: Sting             |     8 |       |       |       ||     8
       Poisonous Vapours |     9 |    39 |    85 |    17 ||   150
       Olgreb's Toxic Ra |       |       |     7 |    14 ||    21
       Sticks to Snakes  |       |       |     6 |     9 ||    15
Evoke: Wand              |       |       |       |     1 ||     1
       Box of beasts     |       |       |       |     2 ||     2
  Use: Scroll            |       |       |    10 |     1 ||    11
       Potion            |       |       |       |     2 ||     2
 Stab: Sleeping          |     2 |     3 |     6 |     2 ||    13
       Distracted        |       |       |     1 |     1 ||     2
  Eat: Chunk             |     1 |     9 |     7 |     5 ||    22
       Ration            |       |       |     1 |     1 ||     2
Armor: Robe              |    11 |    45 |   110 |    30 ||   196
Dodge: Dodged            |    30 |    83 |   199 |    47 ||   359

Table legend:
 A = Non-vault XP
 B = Vault XP
 C = Vault XP percentage of total XP
 D = Non-vault monster count
 E = Vault monster count
 F = Vault count percentage of total count
                 A         B        C        D         E       F
            +---------+---------+-------+---------+---------+-------
      Total |    3546 |    5686 |  61.6 |     139 |      62 |  30.8
            +---------+---------+-------+---------+---------+-------
        D:1 |      44 |       0 |   0.0 |      14 |       0 |   0.0
        D:2 |      71 |      93 |  56.7 |      22 |       5 |  18.5
        D:3 |      66 |       0 |   0.0 |      12 |       0 |   0.0
        D:4 |     409 |     413 |  50.2 |      18 |       7 |  28.0
        D:5 |     109 |     164 |  60.1 |       8 |       1 |  11.1
        D:6 |     464 |     318 |  40.7 |      12 |       4 |  25.0
        D:7 |     641 |     566 |  46.9 |      13 |      10 |  43.5
        D:8 |     582 |     268 |  31.5 |      14 |       1 |   6.7
        D:9 |     790 |    3713 |  82.5 |      19 |      18 |  48.6
       D:10 |     370 |       0 |   0.0 |       7 |       0 |   0.0
    Ossuary |       0 |     151 | 100.0 |       0 |      16 | 100.0
            +---------+---------+-------+---------+---------+-------
